 Dungeon Crawl Stone Soup version 0.30-a0-989-g0d87f670db (webtiles) character file.

Game seed: 12357014108051830829

1536 avis the Insei (level 8, -4/66 HPs)
             Began as a Demigod Transmuter on Apr 3, 2023.
             Succumbed to a gnoll sergeant's poison
             ... on level 6 of the Dungeon on Apr 4, 2023.
             The game lasted 00:47:20 (6869 turns).

avis the Insei (Demigod Transmuter)                 Turns: 6869, Time: 00:47:21

Health: -4/66      AC:  4    Str: 11    XL:     8   Next: 30%
Magic:  15/17      EV: 14    Int: 19    God:
Gold:   347        SH:  0    Dex: 18    Spells: 5/15 levels left

rFire   . . .      SeeInvis .    b - +0 sling
rCold   . . .      Faith    .    (no shield)
rNeg    . . .      Spirit   .    a - +0 robe
rPois   .          Reflect  .    (no helmet)
rElec   .          Rampage  .    l - +0 cloak
rCorr   .                        C - +0 pair of gloves
Will    .....                    (no boots)
Stlth   ++                       k - amulet of the acrobat
HPRegen 0.31/turn                (no ring)
MPRegen 0.15/turn                (no ring)

@: lethally poisoned (-4 -> -24)
A: high MP 1, forlorn, divine attributes
a: no special abilities


You were on level 6 of the Dungeon.
You visited 2 branches of the dungeon, and saw 7 of its levels.
You also visited: Ossuary.

You collected 396 gold pieces.
You spent 49 gold pieces at shops.

Inventory:

Hand Weapons
 b - a +0 sling (weapon)
 h - a +0 dagger of venom
 m - a +0 shortbow
 q - a +2 heavy trident
Missiles
 p - a throwing net
 F - 8 poisoned darts
Armour
 a - a +0 robe (worn)
 l - a +0 cloak (worn)
 C - a +0 pair of gloves (worn)
Magical Staves
 B - a staff of earth
Jewellery
 k - an amulet of the acrobat (around neck)
Scrolls
 c - 2 scrolls of teleportation
 e - a scroll of magic mapping {unknown}
 f - 2 scrolls of poison {unknown}
 g - 2 scrolls of blinking {unknown}
 j - a scroll of immolation {unknown}
 n - 3 scrolls of enchant weapon
 s - 4 scrolls of fog {unknown}
 x - a scroll of noise {unknown}
 y - a scroll of amnesia {unknown}
 A - a scroll of vulnerability {unknown}
 D - a scroll of brand weapon {unknown}
Potions
 d - 3 potions of lignification
 o - a potion of berserk rage
 r - 2 potions of might
 t - 2 potions of flight
 u - a potion of haste
 w - 3 potions of brilliance
 z - 2 potions of resistance {unknown}
 E - a potion of attraction


   Skills:
 * Level 4.2 Fighting
 * Level 4.3 Dodging
 - Level 1.0 Stealth
 * Level 4.3 Unarmed Combat
 - Level 4.0 Spellcasting
 - Level 4.0 Transmutations
 - Level 4.0 Ice Magic
 - Level 1.0 Poison Magic


You had 5 spell levels left.
You knew the following spells:

 Your Spells              Type           Power      Damage    Failure   Level
a - Beastly Appendage     Tmut           38%        N/A       2%          1
b - Wereblood             Tmut           19%        N/A       4%          2
p - Spider Form           Tmut/Pois      13%        N/A       14%         3
q - Ice Form              Ice/Tmut       19%        N/A       26%         4

Your spell library contained the following spells:

 Spells                   Type           Power      Damage    Failure   Level
 Magic Dart               Conj           12%        1d3       14%         1
 Call Imp                 Summ           3%         N/A       21%         2
 Mephitic Cloud           Conj/Pois/Air  5%         N/A       36%         3
 Stone Arrow              Conj/Erth      6%         3d7       38%         3
 Animate Armour           Summ/Erth      6%         N/A       80%         4
 Lehudib's Crystal Spear  Conj/Erth      1%         10d2      100%        8


Dungeon Overview and Level Annotations

Branches:
Dungeon (6/15)             Temple (1/1) D:5         Ossuary (visited)

Shops:
D:6 [[


Innate Abilities, Weirdness & Mutations

You have an increased reservoir of magic. (+10% MP)
You shall have no god before yourself.
Your divine heritage dramatically boosts your attributes as you level up.


Message History

You hit the gnoll sergeant but do no damage.
The gnoll sergeant is lightly wounded.
You feel very sick. The gnoll sergeant barely misses you.
You hit the gnoll sergeant.
The gnoll sergeant is poisoned.
The gnoll sergeant is lightly wounded.
You feel very sick. The gnoll sergeant misses you.
You hit the gnoll sergeant but do no damage.
The gnoll sergeant looks even sicker.
The gnoll sergeant is moderately wounded.
You feel sick.
The gnoll sergeant hits you with a +1 spear of venom.
* * * LOW HITPOINT WARNING * * *
You are lethally poisoned!
It was a potion of brilliance.
You feel clever all of a sudden.
* * * LOW HITPOINT WARNING * * *
You feel extremely sick.
The gnoll sergeant completely misses you.
Really quaff the potion of lignification?
Your transformation has ended.
Your +0 sling unmelds from your body.
Your +0 cloak unmelds from your body.
Your +0 pair of gloves unmelds from your body.
Your +0 robe unmelds from your body.
You turn into a tree.
Your +0 cloak melds into your body.
Your +0 pair of gloves melds into your body.
Your +0 robe melds into your body.
Your roots penetrate the ground.
* * * LOW HITPOINT WARNING * * *
You feel very sick.
The gnoll sergeant hits you but does no damage.
It was a potion of cancellation.
Your magical effects are unravelling.
You feel magically purged.
You feel less wooden.
Your +0 cloak unmelds from your body.
Your +0 pair of gloves unmelds from your body.
Your +0 robe unmelds from your body.
You feel a little less clever now.
You die...

##...#.....# #.##.....#.....#.
#....#.....# #.##..##.#...♣♣#.
#....#.....# #.....##.'....♣##
#...^#.....# #....∩...#...♣.♣♣
####'#.....######..##....#...P.♣♣
###.......##....#..##..###......P
..#.......#.....#......###.......
..#.......'.....#g.......#.####.#
..#.......#.....@########### ###
###.......#...)..#
....#######.....##
....+....#.......#
....#....#.......#
....#....'.......#
....############## #####


You could see a gnoll sergeant (very poisoned).

Vanquished Creatures
  A water moccasin (D:4)
  A black bear (D:4)
  An ogre (D:6)
  3 centaurs (D:6)
  A phantom (D:6)
  A kobold brigand (D:6)
  2 scorpions
  2 howler monkeys
  2 hounds
  2 orc priests (D:3)
  A gnoll bouda (D:5)
  2 iguanas
  A sleepcap (D:4)
  4 orc wizards
  12 mummies (Ossuary)
  3 gnolls (D:5)
  7 adders
  An ufetubus (D:6)
  2 worms (D:2)
  3 dart slugs
  16 orcs
  8 ball pythons
  5 endoplasms
  3 giant cockroaches
  5 goblins
  8 hobgoblins
  5 jackals
  6 bats
  2 frilled lizards
  2 gnoll skeletons (Ossuary)
  15 kobolds
  2 kobold skeletons (Ossuary)
  4 orc skeletons (Ossuary)
  6 rats
  11 rat skeletons (Ossuary)
150 creatures vanquished.

Vanquished Creatures (others)
  28 plants (D:6)
28 creatures vanquished.

Grand Total: 178 creatures vanquished

Notes
Turn   | Place    | Note
-------+----------+-------------------------------------------
     0 | D:1      | avis the Demigod Transmuter began the quest for the Orb.
     0 | D:1      | Reached XP level 1. HP: 15/15 MP: 5/5
    29 | D:1      | Reached skill level 1 in Fighting
   293 | D:1      | Reached XP level 2. HP: 24/24 MP: 5/7
  1001 | D:2      | Reached skill level 1 in Stealth
  1001 | D:2      | Reached XP level 3. HP: 24/29 MP: 5/8
  1005 | D:2      | Learned a level 3 spell: Spider Form
  1090 | D:2      | Learned a level 2 spell: Wereblood
  1393 | D:2      | Reached skill level 1 in Poison Magic
  2078 | D:3      | Reached XP level 4. HP: 36/36 MP: 6/9
  2307 | D:3      | Reached XP level 5. HP: 21/42 MP: 5/10
  2682 | D:4      | Noticed a black bear
  2718 | D:4      | Found a sand-covered staircase.
  2736 | Ossuary  | Entered an ossuary
  3590 | Ossuary  | Reached XP level 6. HP: 36/51 MP: 11/13
  3599 | Ossuary  | Learned a level 4 spell: Ice Form
  4048 | D:4      | Noticed a water moccasin
  4069 | D:4      | Killed a water moccasin
  4422 | D:4      | Reached XP level 7. HP: 43/58 MP: 7/14
  4606 | D:5      | Entered Level 5 of the Dungeon
  5068 | D:5      | Found a staircase to the Ecumenical Temple.
  5081 | Temple   | Entered the Ecumenical Temple
  5887 | D:6      | Reached skill level 1 in Ice Magic
  6174 | D:6      | Reached XP level 8. HP: 31/66 MP: 12/17
  6417 | D:6      | Found Ocepn's Antique Armour Shoppe.
  6546 | D:6      | Found Elask's Armour Boutique.
  6558 | D:6      | Bought a +0 pair of gloves for 49 gold pieces
  6868 | D:6      | HP: 2/99 [poisoned by a gnoll sergeant]
  6869 | D:6      | Succumbed to a gnoll sergeant's poison

Illustrated notes

Levels and vault maps discovered:
D:1:      dpeg_arrival_round_c, layout_loops_ring, chequers_hall_statues_y
D:2:      layout_loops_ring, basic_altar
D:3:      layout_rooms, nicolae_ru_awakened_eye,
          shapermc_ecumenical_altar_mp_highgroup
D:4:      layout_cave_pools, nicolae_overflow_crystal_walls,
          serial_column_ruins, column_ruins_hut_pillars,
          column_ruins_hut_ruined, column_ruins_open_small,
          column_ruins_open_large, column_ruins_open_small,
          column_ruins_corridor_straight, column_ruins_corridor_straight,
          column_ruins_grid_2, lightli_ossuary_entry_decrepit_ruins
D:5:      layout_loops_ring, lemuel_coloured_pillars_altar,
          minmay_temple_entry_gardened_gates, chequers_serial_rivers_room_b,
          amethyst_killhole
D:6:      kennysheep_housing_project, layout_gridville, lemuel_tele_altar,
          serial_shops, nicolae_shop_crystal, nicolae_square_shop
Temple:   nicolae_temple_superstar

Skill      XL: |  1  2  3  4  5  6  7  8 |
---------------+-------------------------+-----
Fighting       | 2 3 4 |  4.2
Unarmed Combat | 3 4 |  4.3
Dodging        | 2 3 4 |  4.3
Stealth        | 1 |  1.0
Spellcasting   | 2 3 4 |  4.0
Transmutations | 2 3 4 |  4.0
Poison Magic   | 1 |  1.0
Ice Magic      | 2 4 |  4.0

Action                     |  1- 3 |  4- 6 |  7- 9 || total
---------------------------+-------+-------+-------++-------
  Melee: Unarmed           |    68 |   168 |   153 ||   389
         Kick              |    15 |    51 |     4 ||    70
         Headbutt          |     5 |    28 |     1 ||    34
         Punch             |     1 |     2 |       ||     3
   Fire: Sling             |    59 |    26 |    34 ||   119
   Cast: Beastly Appendage |    18 |    27 |     1 ||    46
         Spider Form       |     4 |    10 |    25 ||    39
Ability: End Transformatio |       |       |     2 ||     2
    Use: Potion            |       |     4 |     4 ||     8
         Scroll            |       |       |     7 ||     7
   Stab: Sleeping          |       |     4 |     1 ||     5
 Armour: Robe              |     6 |     7 |     2 ||    15
         Skin              |     3 |     4 |     9 ||    16
  Dodge: Dodged            |    61 |    80 |   199 ||   340

Table legend: (Time is in decaauts)
 A = Elapsed time spent in this place.
 B = Non-inter-level travel time spent in this place.
 C = Inter-level travel time spent in this place.
 D = Time resting spent in this place.
 E = Time spent auto-exploring this place.
 F = Levels seen in this place.
 G = Mean time per level.
                   A        B        C        D        E       F      G
               +--------+--------+--------+--------+--------+-----+--------+
         Total |   6864 |   6248 |    616 |   1622 |   2517 |   8 |  858.0 |
       Dungeon |   5741 |   5125 |    616 |    910 |   2472 |   6 |  956.8 |
        Temple |     26 |     26 |      0 |      8 |      0 |   1 |   26.0 |
       Ossuary |   1096 |   1096 |      0 |    704 |     45 |   1 | 1096.0 |
               +--------+--------+--------+--------+--------+-----+--------+

Top non-repeatable levels by time:
     D:5: 1173 daAuts
     D:2: 1167 daAuts
 Ossuary: 1096 daAuts
     D:6: 918 daAuts
     D:4: 904 daAuts
     D:1: 864 daAuts
     D:3: 711 daAuts
  Temple: 26 daAuts
